 Dungeon Crawl Stone Soup version 0.30-a0-989-g0d87f670db (webtiles) character file.

Game seed: 6823742950017229564

1650 krest322 the Spear-Bearer (level 8, 0/68 HPs)
             Began as a Minotaur Gladiator on Apr 3, 2023.
             Was a Follower of Okawaru.
             Succumbed to a hornet's poison
             ... on level 7 of the Dungeon.
             The game lasted 00:08:56 (4791 turns).

krest322 the Spear-Bearer (Minotaur Gladiator)      Turns: 4791, Time: 00:08:57

Health: 0/68       AC:  8    Str: 19    XL:     8   Next: 67%
Magic:  6/8        EV: 15    Int:  5    God:    Okawaru [*.....]
Gold:   371        SH:  0    Dex: 14    Spells: 7/7 levels left

rFire   . . .      SeeInvis .    a - +0 trident
rCold   . . .      Faith    .    (no shield)
rNeg    . . .      Spirit   .    k - +0 ring mail
rPois   .          Reflect  .    c - +0 hat
rElec   .          Rampage  .    (no cloak)
rCorr   .                        w - +0 pair of gloves
Will    .....                    (no boots)
Stlth   ++                       (no amulet)
HPRegen 0.31/turn                (no ring)
MPRegen 0.11/turn                (no ring)

@: mighty, lethally poisoned (0 -> -17), heroic, flying, slowed, very slow
A: horns 2, retaliatory headbutt
a: Renounce Religion, Heroism


You were on level 7 of the Dungeon.
You worshipped Okawaru.
Okawaru was aware of your devotion.
You visited 2 branches of the dungeon, and saw 8 of its levels.

You collected 371 gold pieces.

Inventory:

Hand Weapons
 a - a +0 trident (weapon)
Missiles
 e - a javelin (quivered)
 v - 3 atropa-tipped darts
 A - 5 poisoned darts
 E - 2 boomerangs
Armour
 b - a +0 leather armour
 c - a +0 hat (worn)
 k - a +0 ring mail (worn)
 w - a +0 pair of gloves (worn)
Wands
 B - a wand of roots (8)
 C - a wand of light (12)
 D - a wand of paralysis (7)
 F - a wand of mindburst (15)
Scrolls
 f - 2 scrolls of blinking {unknown}
 h - 5 scrolls of identify {unknown}
 i - 3 scrolls of teleportation {unknown}
 n - 3 scrolls of enchant armour {unknown}
 p - 2 scrolls of immolation {unknown}
 s - 4 scrolls of fog {unknown}
 t - 5 scrolls of fear {unknown}
 x - a scroll of poison {unknown}
 y - 2 scrolls of noise {unknown}
 G - 2 scrolls of magic mapping {unknown}
 I - a scroll of enchant weapon {unknown}
Potions
 g - a potion of attraction {unknown}
 j - 2 potions of mutation {unknown}
 l - 3 potions of might
 m - 2 potions of flight
 o - a potion of resistance {unknown}
 q - a potion of lignification {unknown}
 r - a potion of brilliance {unknown}
 u - a potion of degeneration {unknown}
 z - 3 potions of heal wounds {unknown}
 H - a potion of curing {unknown}


   Skills:
 + Level 5.3(10.3) Fighting
 + Level 8.6(13.6) Polearms
 * Level 5.1(10.1) Throwing
 + Level 5.4(10.4) Armour
 + Level 4.8(9.8) Dodging
 * Level 2.3 Invocations


You had 7 spell levels left.
You didn't know any spells.
Your spell library contained the following spells:

 Spells                   Type           Power      Damage    Failure   Level
 Necrotise                Necr           0%         1d4       63%         1
 Cigotuvi's Dreadful Rot  Necr/Pois/Air  0%         N/A       77%         2
 Poisonous Vapours        Pois/Air       0%         N/A       77%         2
 Dazzling Flash           Conj/Hex       0%         N/A       94%         3
 Mephitic Cloud           Conj/Pois/Air  0%         N/A       94%         3
 Portal Projectile        Hex/Tloc       0%         N/A       94%         3
 Vampiric Draining        Necr           0%         2d6       94%         3
 Leda's Liquefaction      Hex/Erth       0%         N/A       100%        4
 Manifold Assault         Tloc           0%         N/A       100%        4
 Agony                    Necr           0%         N/A       100%        5
 Silence                  Hex/Air        0%         N/A       100%        5
 Dispersal                Tloc           0%         N/A       100%        6
 Disjunction              Tloc           0%         N/A       100%        8
 Call Canine Familiar     Summ           Unusable   N/A       N/A         3

Dungeon Overview and Level Annotations

Branches:
Dungeon (7/15)             Temple (1/1) D:5

Altars:
Cheibriados
Dithmenos
Elyvilon
Hepliaklqana
Kikubaaqudgha
Nemelex Xobeh
Okawaru
Ru
Sif Muna
Trog
Uskayaw
Vehumet
Yredelemnul
Zin
The Shining One

Annotations:
D:4 3 runed translucent doors, Kenran's ghost, amateur GrGl


Innate Abilities, Weirdness & Mutations

You have a pair of horns on your head.
You reflexively headbutt those who attack you in melee.


Message History

You barely miss the hornet.
You headbutt the hornet, but do no damage.
The hornet is lightly wounded.
You feel sick.
The hornet stings you but does no damage.
The hornet stings you!
You feel as though you will be slow longer.
You miss the hornet.
The hornet is lightly wounded.
You feel sick.
The hornet stings you but does no damage.
The hornet closely misses you.
You hit the hornet.
The hornet is lightly wounded.
You feel sick.
The hornet stings you but does no damage.
The hornet stings you!
You feel as though you will be slow longer.
You gain the combat prowess of a mighty hero.
You feel sick. The hornet stings you!
You are more poisoned.
You feel as though you will be slow longer.
The hornet stings you!
* * * LOW HITPOINT WARNING * * *
You are lethally poisoned!
You feel as though you will be slow longer.
Unknown command.
It was a potion of might.
You feel very mighty all of a sudden.
* * * LOW HITPOINT WARNING * * *
You feel extremely sick. The hornet stings you.
* * * LOW HITPOINT WARNING * * *
You feel as though you will be slow longer.
The hornet closely misses you. You furiously retaliate!
You headbutt the hornet!
It was a potion of flight.
You feel very buoyant.
You fly up into the air.
You die...

#.#.#.#.####......#..
#.#.#.#.#............
#.#.#...............#
#.#...........######
## ###.#.#.#.#####.#
.o .........# ### #.
#.......#
###..####...###.#
.......(....oy@.#
####.#.>.########
##.## #.# ..# ####


You could see a hornet and an orc.

Vanquished Creatures
  Prince Ribbit (D:6)
  2 water moccasins (D:5)
  A sky beast (D:6)
  2 black bears
  An ogre (D:5)
  A centaur (D:5)
  5 scorpions
  2 jellies (D:6)
  Jessica (D:2)
  2 sleepcaps (D:6)
  2 iguanas
  4 orc wizards
  7 adders
  4 gnolls (D:5)
  2 shadow imps
  4 dart slugs
  2 worms
  16 orcs
  10 bats
  4 endoplasms
  A giant cockroach (D:3)
  9 hobgoblins
  3 jackals (D:5)
  2 quokkas
  11 ball pythons
  5 frilled lizards
  10 goblins
  7 kobolds
  8 rats
129 creatures vanquished.

Notes
Turn   | Place    | Note
-------+----------+-------------------------------------------
     0 | D:1      | krest322 the Minotaur Gladiator began the quest for the
                  | Orb.
     0 | D:1      | Reached XP level 1. HP: 18/18 MP: 0/0
    89 | D:1      | Reached XP level 2. HP: 20/25 MP: 1/1
   112 | D:1      | You fall into a shaft and drop 1 floor!
   174 | D:2      | Reached skill level 4 in Polearms
   348 | D:1      | Reached XP level 3. HP: 24/30 MP: 2/2
   779 | D:2      | Noticed Jessica
   784 | D:2      | Killed Jessica
   913 | D:2      | Reached XP level 4. HP: 33/37 MP: 3/3
  1329 | D:3      | Reached skill level 5 in Polearms
  1605 | D:3      | Found a shimmering blue altar of Sif Muna.
  1758 | D:4      | Noticed a scorpion
  1768 | D:4      | Killed a scorpion
  1769 | D:4      | Reached skill level 1 in Armour
  1769 | D:4      | Reached XP level 5. HP: 45/45 MP: 4/4
  2210 | D:4      | Found a runed translucent gate.
  2210 | D:4      | Found a runed translucent gate.
  2211 | D:4      | Found a runed translucent gate.
  2213 | D:4      | Noticed Kenran's ghost (amateur GrGl)
  2572 | D:5      | Entered Level 5 of the Dungeon
  2585 | D:4      | Reached skill level 6 in Polearms
  2585 | D:4      | Reached XP level 6. HP: 21/51 MP: 5/5
  3130 | D:5      | Noticed a water moccasin
  3139 | D:5      | Killed a water moccasin
  3140 | D:5      | Reached XP level 7. HP: 49/58 MP: 6/6
  3259 | D:5      | Reached skill level 7 in Polearms
  3331 | D:5      | Found a staircase to the Ecumenical Temple.
  3368 | Temple   | Entered the Ecumenical Temple
  3487 | Temple   | Became a worshipper of Warmaster Okawaru
  3840 | D:6      | Reached skill level 1 in Invocations
  3840 | D:6      | Reached XP level 8. HP: 63/67 MP: 7/7
  3888 | D:6      | Reached skill level 5 in Armour
  4045 | D:6      | Reached skill level 8 in Polearms
  4103 | D:6      | Noticed Prince Ribbit
  4118 | D:6      | Killed Prince Ribbit
  4118 | D:6      | Reached * piety under Okawaru
  4119 | D:6      | Reached skill level 5 in Fighting
  4119 | D:6      | Reached skill level 5 in Throwing
  4771 | D:7      | Noticed a hornet
  4791 | D:7      | Succumbed to a hornet's poison

Illustrated notes

Levels and vault maps discovered:
D:1:      dpeg_arrival_pond, layout_rooms
D:2:      layout_loops_ring, uniq_jessica
D:3:      layout_basic, mainiacjoe_overflow_alcove_1
D:4:      layout_loops_ring, gammafunk_ghost_necromancy
D:5:      layout_rooms, minmay_temple_entry_junction
D:6:      layout_basic, uniq_prince_ribbit1
D:7:      layout_basic
Temple:   compressed_dpeg_circular_temple

Skill      XL: |  1  2  3  4  5  6  7  8 |
---------------+-------------------------+-----
Polearms       | 4 5 6 7 8 |  8.6
Throwing       | 3 4 5 |  5.1
Fighting       | 3 4 5 |  5.3
Armour         | 1 2 3 4 5 |  5.4
Dodging        | 4 |  4.8
Invocations    | 1 2 |  2.3

Action                     |  1- 3 |  4- 6 |  7- 9 || total
---------------------------+-------+-------+-------++-------
  Melee: Trident           |    91 |   137 |   158 ||   386
         Headbutt          |     9 |    16 |    31 ||    56
         Punch             |     1 |       |     3 ||     4
  Throw: Dart              |       |     5 |     5 ||    10
         Throwing net      |       |     1 |     3 ||     4
 Invoke: Heroism           |       |       |     1 ||     1
    Use: Potion            |       |       |     2 ||     2
   Stab: Held in net/web   |       |       |     1 ||     1
 Armour: Leather armour    |     4 |       |       ||     4
         Ring mail         |    14 |    32 |    53 ||    99
  Dodge: Dodged            |    42 |    60 |    88 ||   190

Table legend: (Time is in decaauts)
 A = Elapsed time spent in this place.
 B = Non-inter-level travel time spent in this place.
 C = Inter-level travel time spent in this place.
 D = Time resting spent in this place.
 E = Time spent auto-exploring this place.
 F = Levels seen in this place.
 G = Mean time per level.
                   A        B        C        D        E       F      G
               +--------+--------+--------+--------+--------+-----+--------+
         Total |   4789 |   4575 |    214 |      0 |   3726 |   8 |  598.6 |
       Dungeon |   4659 |   4454 |    205 |      0 |   3621 |   7 |  665.6 |
        Temple |    129 |    120 |      9 |      0 |    105 |   1 |  129.0 |
               +--------+--------+--------+--------+--------+-----+--------+

Top non-repeatable levels by time:
     D:4: 1156 daAuts
     D:6: 888 daAuts
     D:5: 804 daAuts
     D:2: 697 daAuts
     D:1: 557 daAuts
     D:3: 498 daAuts
  Temple: 129 daAuts
     D:7: 57 daAuts
